 Dungeon Crawl Stone Soup version 0.13-a0-3159-gc5ce8eb (webtiles) character file.

25242 PolkaDot the Cloud Mage (level 12, 0/79 HPs)
             Began as a Vampire Wizard on Sept 24, 2013.
             Was the Champion of Sif Muna.
             Succumbed to a spiny frog's poison
             ... on Level 5 of the Lair of Beasts.
             The game lasted 02:42:45 (22437 turns).

PolkaDot the Cloud Mage (Vampire Wizard)           Turns: 22437, Time: 02:42:45

HP   0/79        AC 13     Str  8      XL: 12   Next: 79%
MP   4/28        EV 10     Int 22      God: Sif Muna [******]
Gold 941         SH  0     Dex 11      Spells:  7 memorised,  4 levels left

Res.Fire  : . . .   See Invis. : +   B - staff of air
Res.Cold  : . . .   Warding    : .   z - +1 troll leather armour
Life Prot.: + . .   Conserve   : .   (no shield)
Res.Poison: .       Res.Corr.  : .   b - +1 wizard hat
Res.Elec. : +       Clarity    : .   (no cloak)
Sust.Abil.: . .     Spirit.Shd : .   (no gloves)
Res.Mut.  : .       Stasis     : .   A - +2 pair of orc boots
Res.Rott. : .       Flight     : .   (no amulet)
Saprovore : . . .                    Q - ring of wizardry
                                     O - ring of wizardry

@: mildly poisoned, somewhat resistant to hostile enchantments, quite stealthy
A: bottle blood, fangs 3, see invisible, +10% hp, unbreathing, AC +4, Dex -1
a: Bat Form, Bottle Blood, Channel Energy, Forget Spell, Renounce Religion


You were on level 5 of the Lair of Beasts.
You worshipped Sif Muna.
Sif Muna was exalted by your worship.
You were not thirsty.

You visited 3 branches of the dungeon, and saw 18 of its levels.

You collected 921 gold pieces.

Inventory:

Hand weapons
 H - a +1,+0 short sword of flaming
 I - a +4,+0 elven spear (quivered)
Armour
 b - a +1 wizard hat (worn)
 z - a +1 troll leather armour (worn)
 A - a +2 pair of orcish boots (worn)
Scrolls
 e - a scroll of identify
 g - a scroll of enchant weapon II
 k - a scroll of enchant armour
Jewellery
 j - an uncursed amulet of resist corrosion {unknown}
 r - an uncursed amulet of stasis
 O - a ring of wizardry (left hand)
 Q - a ring of wizardry (right hand)
 Y - an uncursed ring of hunger
Potions
 f - a potion of resistance
 h - a potion of brilliance
 w - 4 potions of flight
 C - 4 potions of magic
 E - a potion of berserk rage
 N - a potion of restore abilities
Books
 c - Sif Muna's Handbook of Combat Magic and the Volcanoes
   (Sif Muna gifted it to you on level 3 of the Lair of Beasts)

   Spells                             Type                      Level
   Fire Brand                         Charms/Fire                  2
   Sticky Flame                       Conjuration/Fire             4
   Poisonous Cloud                    Conjuration/Poison/Air       6
   Bolt of Fire                       Conjuration/Fire             6
 i - a book of Conjurations

   Spells                             Type                      Level
   *Magic Dart                        Conjuration                  1
   Searing Ray                        Conjuration                  2
   Dazzling Spray                     Conjuration/Hexes            3
   Iskenderun's Mystic Blast          Conjuration                  4
   Iskenderun's Battlesphere          Conjuration/Charms           4
   Fulminant Prism                    Conjuration/Hexes            5
Magical staves
 B - an uncursed staff of air (weapon)


   Skills:
 - Level 2.1 Dodging
 - Level 5.1 Stealth
 * Level 7.7 Spellcasting
 - Level 6.0 Conjurations
   Level 1.0 Summonings
 + Level 6.9 Translocations
 - Level 7.4 Fire Magic
 + Level 10.1 Air Magic
 + Level 8.6 Poison Magic
 - Level 3.3 Invocations


You had 4 spell levels left.
You knew the following spells:

 Your Spells              Type           Power        Failure   Level  Hunger
a - Magic Dart            Conj           ####         1%          1    None
d - Fireball              Conj/Fire      #####.....   4%          5    ####...
q - Blink                 Tloc           N/A          1%          2    None
s - Conjure Flame         Conj/Fire      #####...     1%          3    None
w - Repel Missiles        Chrm/Air       #####.....   1%          2    None
x - Mephitic Cloud        Conj/Pois/Air  ######..     1%          3    None
z - Dispersal             Tloc           #####.....   32%         6    ######.


Dungeon Overview and Level Annotations

Branches:
Dungeon (12/27)            Temple (1/1) D:4             Orc (0/4) D:8
   Lair (5/8) D:10         Spider (0/5) Lair:4
  Swamp: Lair:3-6    Shoals: Lair:3-6     Snake: Lair:3-6

Altars:
Ashenzari
Cheibriados
Elyvilon
Fedhas
Kikubaaqudgha
Makhleb
Nemelex Xobeh
Okawaru
Sif Muna
Trog
Vehumet
Xom
Yredelemnul
Zin
the Shining One

Shops:
D:7 *

Annotations:
Lair:3 Rupert


Innate Abilities, Weirdness & Mutations

You can bottle blood from corpses.
You have razor-sharp teeth.*
You have supernaturally acute eyesight.
You can survive without breathing.*
You are partially covered in rough black scales (AC +4, Dex -1).*
You are robust (+10% HP).


Message History

Use which ability? (? or * to list)
You channel some magical energy.
You feel somewhat more thirsty.
Casting: Blink
Confirm with . or Enter, or press ? or * to list all spells.
You blink.
A black mamba comes into view.
Use which ability? (? or * to list)
You channel some magical energy.
You feel somewhat more thirsty.
Casting: Blink
Confirm with . or Enter, or press ? or * to list all spells.
You blink.
The spiny frog stings you!
* * * LOW HITPOINT WARNING * * *
You are poisoned.
The spiny frog poisons you!
Use which ability? (? or * to list)
You channel some magical energy.
You feel somewhat more thirsty.
The spiny frog stings you but does no damage.
The black mamba bites you.
* * * LOW HITPOINT WARNING * * *
You die...

# #.PP.......
..f##f#.....P........
....... #....##....#.#
.P...... .............#
#........ #...##......#
#.....#.# .. #.......
#.P..P..## ...#.......
#.<..s...# ...#P......
#....#.@# #... #......
#......#.### ...## #..P..
#..#....FS.##....###...#.
###..............###P..P#.
.P.........f......####....
..................##......
P...P....###.#..##.##..#.
.........# ...#..........
#...............#...#...#


You could see a black mamba, a spiny frog and a giant mite.

Vanquished Creatures
  A hydra (D:12)
  The ghost of Kae the Conjurer, an experienced TeFE of Vehumet (D:9)
  Nergalle (D:11)
  6 hill giants
  Pikel (D:6)
  An unseen horror (D:10)
  2 griffons
  3 elephants (Lair:3)
  2 black mambas
  3 spiny frogs
  A two-headed ogre (D:12)
  Prince Ribbit (D:8)
  2 trolls
  6 blink frogs
  2 komodo dragons
  A basilisk (Lair:3)
  A redback (Lair:4)
  20 yaks
  Eustachio (D:5)
  The ghost of Duskembrace the Insei, an average DrMo of Nemelex Xobeh (D:4)
  A hungry ghost (D:12)
  A wyvern (D:11)
  A hill giant skeleton (D:12)
  2 vampire mosquitoes (D:12)
  A wolf (D:10)
  4 hippogriffs
  A necrophage (D:7)
  3 orc warriors
  5 porcupines
  3 ice beasts
  A black bear (D:11)
  5 phantoms
  4 sky beasts
  6 big kobolds
  7 ogres
  2 centaurs
  3 giant slugs
  A komodo dragon zombie (D:9)
  7 crocodiles
  4 water moccasins
  Blork the orc (D:4)
  8 giant frogs
  8 human zombies (D:7)
  2 agate snails
  8 killer bees (D:12)
  8 wights
  9 crimson imps
  7 goliath beetles
  A jelly (D:7)
  A quasit (D:9)
  6 hounds
  3 iguanas
  9 orc wizards
  2 orc priests
  A black bear skeleton (D:7)
  A scorpion (D:5)
  11 worker ants
  2 killer bee zombies
  2 sheep (D:12)
  A crocodile zombie (D:6)
  4 mummies
  Terence (D:3)
  8 gnolls
  21 adders
  5 giant centipedes
  26 green rats
  2 giant mites (D:9)
  An inept feature mimic (D:4)
  A human skeleton (D:7)
  An inept item mimic (D:3)
  10 worms
  An adder zombie (D:7)
  An iguana zombie (D:5)
  An iguana skeleton (D:7)
  2 giant eyeballs
  8 giant geckos
  2 oozes
  52 orcs
  24 bats
  10 giant cockroaches
  11 goblins
  13 hobgoblins
  17 jackals
  6 giant newts
  A giant spore (D:11)
  39 kobolds
  2 kobold skeletons
  An orc skeleton (D:4)
  9 quokkas
  A quokka zombie (D:5)
  23 rats
  A rat skeleton (D:7)
  2 ballistomycetes (D:9)
  A butterfly (D:9)
518 creatures vanquished.

Vanquished Creatures (others)
  A giant frog (D:6)
  An adder (D:6)
  2 giant geckos (D:6)
  A bat (D:6)
  A giant newt (D:6)
  A giant spore (D:9)
  A rat (D:6)
  5 fungi
13 creatures vanquished.

Grand Total: 531 creatures vanquished

Notes
Turn   | Place    | Note
--------------------------------------------------------------
     0 | D:1      | PolkaDot, the Vampire Wizard, began the quest for the Orb.
     0 | D:1      | Reached XP level 1. HP: 11/11 MP: 6/6
   106 | D:1      | Reached skill level 1 in Conjurations
   371 | D:1      | Reached XP level 2. HP: 17/17 MP: 1/8
  1269 | D:1      | Reached XP level 3. HP: 22/22 MP: 8/10
  1955 | D:2      | Reached XP level 4. HP: 28/28 MP: 9/12
  2734 | D:3      | Found a white marble altar of Elyvilon.
  2832 | D:3      | Noticed Terence
  2843 | D:3      | Killed Terence
  2926 | D:3      | Reached XP level 5. HP: 33/33 MP: 6/13
  3036 | D:3      | Found a burning altar of Makhleb.
  3135 | D:3      | Reached skill level 4 in Conjurations
  3726 | D:3      | Learned a level 3 spell: Conjure Flame
  3730 | D:3      | Learned a level 3 spell: Mephitic Cloud
  4019 | D:4      | Noticed an ogre
  4053 | D:4      | Killed an ogre
  4053 | D:4      | Reached XP level 6. HP: 39/39 MP: 1/15
  4185 | D:4      | Noticed Duskembrace's ghost (average DrMo)
  4190 | D:4      | Killed Duskembrace's ghost
  4190 | D:4      | Reached skill level 5 in Conjurations
  4202 | D:4      | Noticed Blork the orc
  4477 | D:4      | Killed Blork the orc
  4477 | D:4      | Reached XP level 7. HP: 44/44 MP: 9/17
  4599 | D:4      | Found a white marble altar of Elyvilon.
  4599 | D:4      | Noticed an angel
  4702 | D:4      | Found a staircase to the Ecumenical Temple.
  4721 | Temple   | Entered the Ecumenical Temple
  4812 | Temple   | Became a worshipper of Sif Muna the Loreminder
  5096 | D:4      | Found a radiant altar of Vehumet.
  5148 | D:4      | Found a burning altar of Makhleb.
  5397 | D:5      | Entered Level 5 of the Dungeon
  5398 | D:5      | Found a blossoming altar of Fedhas.
  5539 | D:5      | Reached skill level 1 in Air Magic
  6014 | D:5      | Acquired Sif Muna's first power
  6014 | D:5      | Reached skill level 5 in Stealth
  6014 | D:5      | Reached XP level 8. HP: 38/47 MP: 5/20
  6609 | D:5      | Reached skill level 5 in Spellcasting
  6609 | D:5      | Reached skill level 6 in Conjurations
  6701 | D:6      | Noticed Eustachio
  6718 | D:5      | Killed Eustachio
  6802 | D:6      | Reached skill level 1 in Poison Magic
  6804 | D:6      | Noticed Pikel
  6818 | D:6      | Killed Pikel
  6818 | D:6      | Acquired Sif Muna's second power
  6961 | D:6      | Found a glowing golden altar of the Shining One.
  7091 | D:6      | Reached XP level 9. HP: 52/52 MP: 15/23
  7218 | D:6      | Reached skill level 1 in Fire Magic
  7624 | D:6      | Found a shimmering altar of Xom.
  7624 | D:6      | Found a snail-covered altar of Cheibriados.
  7625 | D:6      | Found a shattered altar of Ashenzari.
  7674 | D:6      | Reached skill level 1 in Invocations
  8006 | D:7      | Found Ehixaism's Assorted Antiques.
  8663 | D:7      | Reached skill level 5 in Air Magic
  8945 | D:7      | Got an ichor-stained whip
  8946 | D:7      | Identified the whip of Nemelex Xobeh's Hope {flame, rN+} (You found it on level 7 of the Dungeon)
  9620 | D:7      | Acquired Sif Muna's third power
  9719 | D:7      | Found an ancient bone altar of Kikubaaqudgha.
  9842 | D:8      | Noticed Prince Ribbit
  9938 | D:8      | Reached XP level 10. HP: 51/61 MP: 13/25
  9991 | D:8      | Learned a level 2 spell: Blink
  9994 | D:8      | Learned a level 2 spell: Repel Missiles
 10130 | D:8      | Killed Prince Ribbit
 10130 | D:8      | Reached skill level 1 in Translocations
 10152 | D:8      | Identified a +1 rod of the swarm (12/12) (You took it off an orc wizard on level 8 of the Dungeon)
 10685 | D:8      | Gained mutation: You are partially covered in rough black scales (AC +4, Dex -1). [potion of mutation]
 10685 | D:8      | Gained mutation: You are robust (+10% HP). [potion of mutation]
 10686 | D:8      | Found a staircase to the Orcish Mines.
 11004 | D:9      | Noticed Kae's ghost (experienced TeFE)
 11023 | D:9      | Killed Kae's ghost
 11023 | D:9      | Reached skill level 5 in Poison Magic
 12503 | D:10     | Entered Level 10 of the Dungeon
 12695 | D:10     | Found a staircase to the Lair.
 12864 | D:10     | Noticed a hill giant
 12893 | D:10     | Killed a hill giant
 13107 | D:10     | Noticed an unseen horror
 13116 | D:10     | Killed an unseen horror
 13116 | D:10     | Reached skill level 7 in Air Magic
 13337 | D:10     | Reached skill level 5 in Fire Magic
 13920 | D:11     | Received a gift from Sif Muna
 13920 | D:11     | Reached XP level 11. HP: 25/72 MP: 14/25
 14226 | D:11     | Noticed a hill giant
 14232 | D:11     | Killed a hill giant
 14376 | D:11     | Noticed Nergalle
 14394 | D:11     | Noticed a hill giant
 14444 | D:11     | Killed a hill giant
 14565 | D:11     | Noticed a hill giant
 14572 | D:11     | Killed a hill giant
 14687 | D:11     | Killed Nergalle
 14883 | D:11     | Reached skill level 8 in Air Magic
 15511 | D:12     | Learned a level 6 spell: Dispersal
 15858 | D:12     | Reached skill level 5 in Translocations
 16478 | D:12     | Received a gift from Sif Muna
 16496 | D:12     | Identified Sif Muna's Collected Works on Fiery Attacks (Sif Muna gifted it to you on level 12 of the Dungeon)
 16530 | D:12     | Learned a level 5 spell: Fireball
 16536 | D:12     | Noticed a three-headed hydra
 16557 | D:12     | Killed a two-headed hydra
 17023 | D:12     | Noticed a hill giant
 17031 | D:12     | Killed a hill giant
 17232 | D:12     | Noticed a hill giant
 17272 | D:12     | Killed a hill giant
 17272 | D:12     | Reached skill level 9 in Air Magic
 17402 | D:12     | Reached XP level 12. HP: 79/79 MP: 11/27
 17593 | Lair:1   | Entered Level 1 of the Lair of Beasts
 19657 | Lair:3   | Found an iron altar of Okawaru.
 19663 | Lair:3   | Received a gift from Sif Muna
 19664 | Lair:3   | Identified Sif Muna's Handbook of Combat Magic and the Volcanoes (Sif Muna gifted it to you on level 3 of the Lair of Beasts)
 20152 | Lair:3   | Noticed Rupert
 20491 | Lair:3   | Paralysed by Rupert for 7 turns
 20508 | Lair:3   | Paralysed by Rupert for 5 turns
 21076 | Lair:4   | Found a hole to the Spider Nest.
 22146 | Lair:5   | Reached skill level 10 in Air Magic
 22436 | Lair:5   | HP: 1/79 [black mamba (6)]
 22437 | Lair:5   | Succumbed to a spiny frog's poison

Action                   |  1- 3 |  4- 6 |  7- 9 | 10-12 || total
-------------------------+-------+-------+-------+-------++-------
Melee: Short sword       |     4 |    25 |    11 |    26 ||    66
       Staff             |       |       |     8 |    65 ||    73
       Whip              |       |       |    28 |    15 ||    43
       Spear             |       |       |    12 |   134 ||   146
 Cast: Magic Dart        |   116 |   174 |   449 |   880 ||  1619
       Conjure Flame     |       |     9 |    36 |   225 ||   270
       Mephitic Cloud    |       |     1 |    10 |    66 ||    77
       Fireball          |       |       |       |    38 ||    38
       Blink             |       |       |       |     9 ||     9
Invok: Channel Energy    |       |       |    11 |   225 ||   236
 Abil: Bottle Blood      |       |       |       |    40 ||    40
Evoke: Wand              |       |       |     3 |     2 ||     5
  Use: Potion            |       |     4 |     5 |    62 ||    71
       Scroll            |       |       |    10 |    32 ||    42
 Stab: Confused          |       |     1 |     2 |     7 ||    10
       Sleeping          |       |       |     1 |       ||     1
